 Dungeon Crawl Stone Soup version 0.30-a0-726-gd89dcf765f (webtiles) character file.

Game seed: 9800658498075465335

37 demibob the Slasher (level 3, -1/26 (29) HPs)
             Began as a Demonspawn Berserker on Jan 29, 2023.
             Was a Follower of Trog.
             Succumbed to a goblin's poison
             ... on level 2 of the Dungeon.
             The game lasted 00:01:15 (1386 turns).

demibob the Slasher (Demonspawn Berserker)          Turns: 1386, Time: 00:01:15

HP:   -1/26 (29)    AC:  3    Str: 17    XL:     3   Next: 23%
MP:   3/3           EV: 12    Int:  8    God:    Trog [*.....]
Gold: 61            SH:  0    Dex: 14    Spells: 2/2 levels left

rFire   . . .      SeeInvis .    a - +0 falchion
rCold   . . .      Faith    .    (no shield)
rNeg    . . .      Spirit   .    b - +0 animal skin
rPois   .          Reflect  .    (no helmet)
rElec   .          Harm     .    (no cloak)
rCorr   .          Rampage  .    (no gloves)
Will    .....                    g - +0 pair of boots
Stlth   +                        (no amulet)
HPRegen 0.24/turn                (no ring)
MPRegen 0.08/turn                (no ring)

@: lethally poisoned (-1 -> -34), hasted, heavily drained, very quick
A: hooves 1
a: Renounce Religion, Berserk


You were on level 2 of the Dungeon.
You worshipped Trog.
Trog was aware of your devotion.
You visited 1 branch of the dungeon, and saw 2 of its levels.

You collected 61 gold pieces.


Innate Abilities, Weirdness & Mutations

You have large cloven feet.


   Skills:
 - Level 3.0 Fighting
 + Level 4.0 Long Blades
 - Level 1.7 Armour
 - Level 1.7 Dodging


You had 2 spell levels left.
You didn't know any spells.
Your spell library was empty.

Inventory:

Hand Weapons
 a - a +0 falchion (weapon)
Armour
 b - a +0 animal skin (worn)
 g - a +0 pair of boots (worn)
Scrolls
 c - a scroll of teleportation {unknown}
 d - a scroll of vulnerability {unknown}
 e - a scroll of immolation {unknown}
 f - a scroll of identify {unknown}

Dungeon Overview and Level Annotations

Branches:
Dungeon (2/15)

Altars:

####.........# #####..
.............#
.............####
.........##.....#
.........##.....#######
.........##...........#
.........####..#......#
.........# ##........#
.......@.# ###......#
.......g.# #......#
.........# #......##
........)# #.......#
.........# #........
.........# #........
.......... ####.....
#......... #.....
#.....


You could see a goblin.


Message History

There are monsters nearby!
The ball python hisses angrily.
The goblin hits you but does no damage.
You are poisoned.
You slash the ball python!
You kill the ball python!
Trog accepts your kill.
You feel very sick. The goblin misses you.
You hit the goblin.
The goblin is heavily wounded.
You feel sick.
The goblin hits you with a +0 dagger of venom.
You are more poisoned.
The goblin hits you but does no damage.
You are lethally poisoned!
You hit the goblin.
The goblin is heavily wounded.
You feel very sick.
The goblin hits you with a +0 dagger of venom.
You are more poisoned.
You closely miss the goblin.
The goblin is heavily wounded.
* * * LOW HITPOINT WARNING * * *
You feel extremely sick.
The goblin hits you with a +0 dagger of venom.
* * * LOW HITPOINT WARNING * * *
You are more poisoned.
It was a potion of haste.
You feel yourself speed up.
You die...

Skill      XL: |  1  2  3 |
---------------+----------+-----
Long Blades    | 3 4 |  4.0
Fighting       | |  3.0
Armour         | |  1.7
Dodging        | |  1.7

Action                     || total
---------------------------++-------
  Melee: Falchion          ||    76
         Kick              ||     4
    Use: Potion            ||     1
   Stab: Sleeping          ||     5
 Armour: Animal skin       ||    12
  Dodge: Dodged            ||    49

Levels and vault maps discovered:
D:1:      minmay_arrival_wavy_path, layout_loops_corners
D:2:      layout_basic, serial_shops, nicolae_shop_crystal, kennysheep_doodads

Notes
Turn   | Place    | Note
-------+----------+-------------------------------------------
     0 | D:1      | demibob the Demonspawn Berserker began the quest for the
                  | Orb.
     0 | D:1      | Reached XP level 1. HP: 18/18 MP: 1/1
   131 | D:1      | Reached skill level 3 in Long Blades
   382 | D:1      | Gained mutation: You have large cloven feet. [demonic
                  | ancestry]
   382 | D:1      | Reached XP level 2. HP: 11/17 MP: 2/2
  1053 | D:2      | Reached XP level 3. HP: 21/25 MP: 3/3
  1362 | D:2      | Reached skill level 4 in Long Blades
  1386 | D:2      | Succumbed to a goblin's poison

Vanquished Creatures
  An adder (D:2)
  A worm (D:2)
  2 ball pythons
  5 endoplasms
  3 goblins
  A hobgoblin (D:1)
  2 quokkas
  3 bats
  2 frilled lizards (D:1)
  A kobold (D:1)
  4 rats
25 creatures vanquished.

Table legend: (Time is in decaauts)
 A = Elapsed time spent in this place.
 B = Non-inter-level travel time spent in this place.
 C = Inter-level travel time spent in this place.
 D = Time resting spent in this place.
 E = Time spent auto-exploring this place.
 F = Levels seen in this place.
 G = Mean time per level.
                   A        B        C        D        E       F      G
               +--------+--------+--------+--------+--------+-----+--------+
         Total |   1395 |   1340 |     55 |      0 |   1136 |   2 |  697.5 |
       Dungeon |   1395 |   1340 |     55 |      0 |   1136 |   2 |  697.5 |
               +--------+--------+--------+--------+--------+-----+--------+

Top non-repeatable levels by time:
     D:1: 992 daAuts
     D:2: 403 daAuts

Table legend:
 A = Non-vault XP
 B = Vault XP
 C = Vault XP percentage of total XP
 D = Non-vault monster count
 E = Vault monster count
 F = Vault count percentage of total count
                 A         B        C        D         E       F
            +---------+---------+-------+---------+---------+-------
      Total |      54 |       0 |   0.0 |      25 |       0 |   0.0
            +---------+---------+-------+---------+---------+-------
        D:1 |      24 |       0 |   0.0 |      16 |       0 |   0.0
        D:2 |      30 |       0 |   0.0 |       9 |       0 |   0.0
            +---------+---------+-------+---------+---------+-------
